TOP OF THE 1ST |
Nebraska Plainsmen batting - Pitching for Niagara Falls Expos : RHP Jon Shirley
|
Pitching: RHP Jon Shirley
|
|
Batting: RHB George St. Clair
|
0-0: Foul Ball, location: 2F 0-1: Ball 1-1: Ball 2-1: Swinging Strike 2-2: Strikes out looking
|
Batting: RHB Luis Aragón
|
0-0: Bunt missed! 0-1: Fly out, F8 (Flyball, 8LXD)
|
Batting: RHB Bob Barlow
|
0-0: Foul Ball, location: 2F 0-1: Foul Ball, location: 2F 0-2: Fly out, F7 (Flyball, 78M)
|
Top of the 1st over - 0 run(s), 0 hit(s), 0 error(s), 0 left on base; Nebraska 0 - Niagara Falls 0 |
BOTTOM OF THE 1ST |
Niagara Falls Expos batting - Pitching for Nebraska Plainsmen : RHP Sam Groves
|
Pitching: RHP Sam Groves
|
|
Batting: RHB António Mendoza
|
0-0: Ball 1-0: Ball 2-0: Ball 3-0: Called Strike 3-1: Base on Balls
|
Batting: LHB Gilberto Jiménez
|
0-0: 2-RUN HOME RUN (Flyball, 9D), Distance : 376 ft
|
Batting: RHB Rafael Pueblo
|
0-0: Swinging Strike 0-1: Ball 1-1: Fly out, F2 (Popup, 23F)
|
Batting: RHB Demeter Valverde
|
0-0: Fly out, F7 (Flyball, 8LM)
|
Batting: SHB Javier Vega
|
0-0: Called Strike 0-1: Ball 1-1: Ball 2-1: Swinging Strike 2-2: Ball 3-2: Strikes out looking
|
Bottom of the 1st over - 2 run(s), 1 hit(s), 0 error(s), 0 left on base; Nebraska 0 - Niagara Falls 2 |
TOP OF THE 2ND |
Nebraska Plainsmen batting - Pitching for Niagara Falls Expos : RHP Jon Shirley
|
Batting: LHB Sisto Pagnamenta
|
0-0: Called Strike 0-1: Ground out 1-3 (Groundball, 13)
|
Batting: RHB Lorenzo Ruíz
|
0-0: Ball 1-0: Ball 2-0: Called Strike 2-1: Fly out, F3 (Popup, 3F)
|
Batting: LHB Alex Willis
|
0-0: Called Strike 0-1: Swinging Strike 0-2: Foul Ball, location: 2F 0-2: Strikes out swinging
|
Top of the 2nd over - 0 run(s), 0 hit(s), 0 error(s), 0 left on base; Nebraska 0 - Niagara Falls 2 |
BOTTOM OF THE 2ND |
Niagara Falls Expos batting - Pitching for Nebraska Plainsmen : RHP Sam Groves
|
Batting: RHB Mario Germán
|
0-0: Foul Ball, location: 2F 0-1: Ball 1-1: Foul Ball, location: 2F 1-2: Strikes out looking
|
Batting: RHB Luis Rodríguez
|
0-0: Called Strike 0-1: Ball 1-1: Ball 2-1: Ball 3-1: Called Strike 3-2: Base on Balls
|
Batting: RHB Gene Lucero
|
0-0: Ball 1-0: Ball 2-0: Fielders Choice at 2nd, 1-6 (Groundball, 13)
|
Batting: RHB Pascal Lercari
|
0-0: Foul Ball, location: 2F 0-1: Ball 1-1: Ball 2-1: Ball 3-1: Fly out, F8 (Flyball, 8LM)
|
Bottom of the 2nd over - 0 run(s), 0 hit(s), 0 error(s), 1 left on base; Nebraska 0 - Niagara Falls 2 |
TOP OF THE 3RD |
Nebraska Plainsmen batting - Pitching for Niagara Falls Expos : RHP Jon Shirley
|
Batting: RHB Carl Wheezer
|
0-0: Ball 1-0: Called Strike 1-1: Called Strike 1-2: Strikes out swinging
|
Batting: RHB Levi Tess
|
0-0: Ball 1-0: Ball 2-0: Foul Ball, location: 2F 2-1: Ground out U3 (Groundball, 3S)
|
Batting: RHB Jorge Salgado
|
0-0: Ball 1-0: Foul Ball, location: 2F 1-1: Swinging Strike 1-2: Foul Ball, location: 2F 1-2: Ball 2-2: Ball 3-2: Foul Ball, location: 2F 3-2: Ground out U3 (Groundball, 3)
|
Top of the 3rd over - 0 run(s), 0 hit(s), 0 error(s), 0 left on base; Nebraska 0 - Niagara Falls 2 |
BOTTOM OF THE 3RD |
Niagara Falls Expos batting - Pitching for Nebraska Plainsmen : RHP Sam Groves
|
Batting: RHB António Mendoza
|
0-0: Called Strike 0-1: Ball 1-1: Ball 2-1: Swinging Strike 2-2: Ball 3-2: SINGLE (Line Drive, 6MD)
|
Batting: LHB Gilberto Jiménez
|
0-0: Ball 1-0: SINGLE (Line Drive, 8LS) António Mendoza to second
|
Batting: RHB Rafael Pueblo
|
0-0: Ground out 5-3 (Groundball, 56S) António Mendoza to third Gilberto Jiménez to second
|
Batting: RHB Demeter Valverde
|
0-0: Called Strike 0-1: Ball 1-1: Ball Passed Ball! António Mendoza scores Gilberto Jiménez to third 2-1: Fly out, F9 (Flyball, 9M) Runner from 3rd tags up, SCORES, throw made
|
Batting: SHB Javier Vega
|
0-0: Ball 1-0: Swinging Strike 1-1: Ground out 6-3 (Groundball, 6)
|
Bottom of the 3rd over - 2 run(s), 2 hit(s), 0 error(s), 0 left on base; Nebraska 0 - Niagara Falls 4 |
TOP OF THE 4TH |
Nebraska Plainsmen batting - Pitching for Niagara Falls Expos : RHP Jon Shirley
|
Batting: RHB George St. Clair
|
0-0: Ball 1-0: Foul Ball, location: 2F 1-1: Foul Ball, location: 2F 1-2: Strikes out looking
|
Batting: RHB Luis Aragón
|
0-0: Called Strike 0-1: Ball 1-1: Ball 2-1: Foul Ball, location: 2F 2-2: Strikes out swinging
|
Batting: RHB Bob Barlow
|
0-0: Ground out 6-3 (Groundball, 6)
|
Top of the 4th over - 0 run(s), 0 hit(s), 0 error(s), 0 left on base; Nebraska 0 - Niagara Falls 4 |
BOTTOM OF THE 4TH |
Niagara Falls Expos batting - Pitching for Nebraska Plainsmen : RHP Sam Groves
|
Batting: RHB Mario Germán
|
0-0: Ground out 3-1 (Groundball, 34S)
|
Batting: RHB Luis Rodríguez
|
0-0: Called Strike 0-1: Foul Ball, location: 2F 0-2: Ground out 5-3 (Groundball, 56)
|
Batting: RHB Gene Lucero
|
0-0: Ball 1-0: Ball 2-0: Foul Ball, location: 2F 2-1: Ball 3-1: Base on Balls
|
Batting: RHB Pascal Lercari
|
0-0: Foul Ball, location: 2F 0-1: Foul Ball, location: 2F 0-2: Ball 1-2: Ball 2-2: Fly out, F7 (Flyball, 7LM)
|
Bottom of the 4th over - 0 run(s), 0 hit(s), 0 error(s), 1 left on base; Nebraska 0 - Niagara Falls 4 |
TOP OF THE 5TH |
Nebraska Plainsmen batting - Pitching for Niagara Falls Expos : RHP Jon Shirley
|
Batting: LHB Sisto Pagnamenta
|
0-0: Called Strike 0-1: Fly out, F3 (Line Drive, 34)
|
Batting: RHB Lorenzo Ruíz
|
0-0: Foul Ball, location: 2F 0-1: Foul Ball, location: 2F 0-2: Ball 1-2: Strikes out swinging
|
Batting: LHB Alex Willis
|
0-0: Ball 1-0: Foul Ball, location: 2F 1-1: Fly out, F7 (Flyball, 78S)
|
Top of the 5th over - 0 run(s), 0 hit(s), 0 error(s), 0 left on base; Nebraska 0 - Niagara Falls 4 |
BOTTOM OF THE 5TH |
Niagara Falls Expos batting - Pitching for Nebraska Plainsmen : RHP Sam Groves
|
Batting: RHB António Mendoza
|
0-0: Ball 1-0: Ball 2-0: Called Strike 2-1: Fly out, F9 (Flyball, 89D)
|
Batting: LHB Gilberto Jiménez
|
0-0: Ball 1-0: Called Strike 1-1: Foul Ball, location: 2F 1-2: Ball 2-2: Foul Ball, location: 2F 2-2: Fly out, F1 (Line Drive, 13)
|
Batting: RHB Rafael Pueblo
|
0-0: Ball 1-0: Foul Ball, location: 2F 1-1: Foul Ball, location: 2F 1-2: Foul Ball, location: 2F 1-2: SINGLE (Line Drive, 8RS)
|
Batting: RHB Demeter Valverde
|
0-0: Ball 1-0: Ball 2-0: Foul Ball, location: 2F 2-1: Called Strike 2-2: Strikes out looking
|
Bottom of the 5th over - 0 run(s), 1 hit(s), 0 error(s), 1 left on base; Nebraska 0 - Niagara Falls 4 |
TOP OF THE 6TH |
Nebraska Plainsmen batting - Pitching for Niagara Falls Expos : RHP Jon Shirley
|
Batting: RHB Carl Wheezer
|
0-0: Ground out 5-3 (Groundball, 56)
|
Batting: RHB Levi Tess
|
0-0: Ball 1-0: Ball 2-0: Ball 3-0: Called Strike 3-1: Base on Balls
|
Batting: RHB Jorge Salgado
|
0-0: Ball 1-0: Ball Levi Tess steals 2nd base 2-0: Called Strike 2-1: Ball 3-1: Base on Balls
|
Batting: RHB George St. Clair
|
0-0: Foul Ball, location: 2F 0-1: Ball 1-1: Swinging Strike 1-2: Ball 2-2: Ball 3-2: Base on Balls Levi Tess to third Jorge Salgado to second
|
Batting: RHB Luis Aragón
|
0-0: Foul Ball, location: 2F 0-1: Called Strike 0-2: Ball 1-2: Strikes out swinging
|
Batting: RHB Bob Barlow
|
0-0: Called Strike 0-1: Swinging Strike 0-2: Ball 1-2: Ball 2-2: Ball 3-2: Strikes out swinging
|
Top of the 6th over - 0 run(s), 0 hit(s), 0 error(s), 3 left on base; Nebraska 0 - Niagara Falls 4 |
BOTTOM OF THE 6TH |
Niagara Falls Expos batting - Pitching for Nebraska Plainsmen : RHP Sam Groves
|
Batting: SHB Javier Vega
|
0-0: Ball 1-0: Ball 2-0: Foul Ball, location: 2F 2-1: Foul Ball, location: 2F 2-2: Foul Ball, location: 2F 2-2: Strikes out swinging
|
Batting: RHB Mario Germán
|
0-0: Ground out 6-3 (Groundball, 6)
|
Batting: RHB Luis Rodríguez
|
0-0: Fly out, F7 (Line Drive, 7D)
|
Bottom of the 6th over - 0 run(s), 0 hit(s), 0 error(s), 0 left on base; Nebraska 0 - Niagara Falls 4 |
TOP OF THE 7TH |
Nebraska Plainsmen batting - Pitching for Niagara Falls Expos : RHP Jon Shirley
|
Batting: LHB Sisto Pagnamenta
|
0-0: Ball 1-0: Fly out, F9 (Flyball, 89M)
|
Batting: RHB Lorenzo Ruíz
|
0-0: Ball 1-0: Foul Ball, location: 2F 1-1: Foul Ball, location: 2F 1-2: Ground out 4-3 (Groundball, 4)
|
Batting: LHB Alex Willis
|
0-0: Foul Ball, location: 2F 0-1: Ball 1-1: Foul Ball, location: 2F 1-2: Ball 2-2: Strikes out swinging
|
Top of the 7th over - 0 run(s), 0 hit(s), 0 error(s), 0 left on base; Nebraska 0 - Niagara Falls 4 |
BOTTOM OF THE 7TH |
Niagara Falls Expos batting - Pitching for Nebraska Plainsmen : RHP Sam Groves
|
Batting: RHB Gene Lucero
|
0-0: Called Strike 0-1: Called Strike 0-2: Strikes out swinging
|
Batting: RHB Pascal Lercari
|
0-0: Called Strike 0-1: Called Strike 0-2: DOUBLE (Groundball, 5L)
|
Batting: RHB António Mendoza
|
0-0: Ground out 4-3 (Groundball, 4MS) Pascal Lercari to third
|
Batting: LHB Gilberto Jiménez
|
0-0: Ball 1-0: Ball 2-0: Fly out, F6 (Popup, 56D)
|
Bottom of the 7th over - 0 run(s), 1 hit(s), 0 error(s), 1 left on base; Nebraska 0 - Niagara Falls 4 |
TOP OF THE 8TH |
Nebraska Plainsmen batting - Pitching for Niagara Falls Expos : RHP Jon Shirley
|
Batting: RHB Carl Wheezer
|
0-0: Called Strike 0-1: Ball 1-1: SINGLE (Line Drive, 78M)
|
Batting: RHB Levi Tess
|
0-0: Ball 1-0: SINGLE (Groundball, 56D) Carl Wheezer to second
|
Batting: RHB Jorge Salgado
|
0-0: Ball 1-0: Foul Ball, location: 2F 1-1: SINGLE (Line Drive, 6MD) Carl Wheezer to third Levi Tess to second
|
Batting: RHB George St. Clair
|
0-0: Called Strike 0-1: Swinging Strike 0-2: Ball 1-2: Foul Ball, location: 2F 1-2: Ball 2-2: Foul Ball, location: 2F 2-2: Ball 3-2: Strikes out swinging
|
Pitching: LHP Cherles Gachineiro
|
|
Batting: RHB Luis Aragón
|
0-0: Ball 1-0: Fly out, F5 (Line Drive, 5S)
|
Batting: RHB Bob Barlow
|
0-0: Called Strike 0-1: Foul Ball, location: 2F 0-2: Strikes out swinging
|
Top of the 8th over - 0 run(s), 3 hit(s), 0 error(s), 3 left on base; Nebraska 0 - Niagara Falls 4 |
BOTTOM OF THE 8TH |
Niagara Falls Expos batting - Pitching for Nebraska Plainsmen : RHP Sam Groves
|
Batting: RHB Rafael Pueblo
|
0-0: Called Strike 0-1: Reached on error, E5 (Groundball, 5)
|
Batting: RHB Demeter Valverde
|
0-0: Foul Ball, location: 2F 0-1: Ball 1-1: Ball 2-1: Ball 3-1: Base on Balls Rafael Pueblo to second
|
Batting: SHB Javier Vega
|
0-0: Grounds into double play, 6-4-3 (Groundball, 6) Rafael Pueblo to third
|
Batting: RHB Mario Germán
|
0-0: Foul Ball, location: 2F 0-1: Foul Ball, location: 2F 0-2: Foul Ball, location: 2F 0-2: Foul Ball, location: 2F 0-2: Fly out, F8 (Line Drive, 8LM)
|
Bottom of the 8th over - 0 run(s), 0 hit(s), 1 error(s), 1 left on base; Nebraska 0 - Niagara Falls 4 |
TOP OF THE 9TH |
Nebraska Plainsmen batting - Pitching for Niagara Falls Expos : LHP Cherles Gachineiro
|
Batting: LHB Sisto Pagnamenta
|
0-0: Called Strike 0-1: Called Strike 0-2: SINGLE (Line Drive, 4)
|
Batting: RHB Lorenzo Ruíz
|
0-0: Ball 1-0: Ball 2-0: Ball 3-0: Called Strike 3-1: Swinging Strike 3-2: Strikes out swinging Sisto Pagnamenta is caught stealing 2nd base Batter strikes out.
|
Batting: LHB Alex Willis
|
0-0: Foul Ball, location: 2F 0-1: Ball 1-1: Ball 2-1: Ground out U3 (Groundball, 3)
|
Top of the 9th over - 0 run(s), 1 hit(s), 0 error(s), 0 left on base; Nebraska 0 - Niagara Falls 4 |
|